 Dungeon Crawl Stone Soup version 0.31-a0-237-g2d982f9f85 (webtiles) character file.

Game seed: 4879397644183379756

513 qw the Shooter (level 7, -11/44 HPs)
             Began as a Gargoyle Hexslinger on July 11, 2023.
             Mangled by Menkaure (14 damage)
             ... on level 5 of the Dungeon.
             The game lasted 00:01:49 (3496 turns).

qw the Shooter (Gargoyle Hexslinger)                Turns: 3496, Time: 00:01:50

Health: -11/44     AC: 15    Str: 11    XL:     7   Next: 19%
Magic:  8/8        EV: 10    Int: 14    God:
Gold:   224        SH:  0    Dex: 14    Spells: 7/8 levels left

rFire   . . .        Y - +3 sling
rCold   . . .        (no shield)
rNeg    + . .        l - +0 ring mail
rPois   inf          (no helmet)
rElec   +            f - scarf {repulsion}
rCorr   .            k - +0 pair of gloves
SInv    .            (no boots)
Will    .....        (no amulet)
Stlth   +            d - +4 ring of protection
HPRegen 0.27/turn    (no ring)
MPRegen 0.11/turn

%: repel missiles
@: no status effects
A: sickness immunity, AC +4, negative energy resistance 1, electricity
resistance, torment resistance 1, petrification resistance
a: no special abilities


You were on level 5 of the Dungeon.
You visited 1 branch of the dungeon, and saw 5 of its levels.

You collected 224 gold pieces.


Innate Abilities, Weirdness & Mutations

You are immune to sickness and miasma.
Your stone body is resilient. (AC +4)
You are immune to poison.
You resist negative energy. (rN+)
You are resistant to electric shocks. (rElec)
You are resistant to unholy torment.
You are immune to petrification.


   Skills:
 - Level 4.5 Fighting
 + Level 6.2 Ranged Weapons
 - Level 1.2 Armour
 - Level 1.5 Dodging
 - Level 1.0 Spellcasting
 - Level 2.6 Hexes


You had 7 spell levels left.
You knew the following spells:

 Your Spells              Type           Power      Damage    Failure   Level
a - Slow                  Hex            32%        N/A       21%         1

Your spell library contained the following spells:

 Spells                   Type           Power      Damage    Failure   Level
 Inner Flame              Hex/Fire       4%         N/A       71%         3
 Portal Projectile        Hex/Tloc       8%         N/A       71%         3
 Cause Fear               Hex            4%         N/A       90%         4

Inventory:

Hand Weapons
 Y - a +3 sling (weapon)
Armour
 b - a +0 cloak
 f - a scarf of repulsion (worn)
 k - a +0 pair of gloves (worn)
 l - a +0 ring mail (worn)
Jewellery
 d - a +4 ring of protection (left hand)
Scrolls
 c - a scroll of identify
Potions
 a - a potion of heal wounds {unknown}
 e - a potion of enlightenment
 g - a potion of curing {unknown}

Dungeon Overview and Level Annotations

Branches:
Dungeon (5/15)
 Temple: D:4-7

Altars:
Qazlal
The Shining One

Shops:
D:1 [   D:2 =

Annotations:
D:3 3 runed translucent doors, qw's ghost, amateur MiHs
D:4 3 runed translucent doors, qw's ghost, amateur GrHs; qw's ghost, novice GrHs
D:5 Menkaure


Message History

You shoot a sling bullet.
The sling bullet barely misses the black bear.
The black bear bites you but does no damage.
The black bear claws you but does no damage. x2
The orc closely misses you. The black bear bites you.
The black bear claws you but does no damage.
The black bear closely misses you.
You shoot a sling bullet. The sling bullet hits the black bear.
The black bear is almost dead.
The black bear bites you but does no damage.
The black bear closely misses you.
The black bear claws you but does no damage.
The orc hits you but does no damage. The black bear closely misses you.
The black bear claws you but does no damage. x2
The orc barely misses you.
You shoot a sling bullet. The sling bullet hits the black bear.
The black bear is almost dead.
Menkaure calls on the powers of darkness!
The orc convulses!
Your body is wracked with pain!
The black bear bites you but does no damage.
The black bear barely misses you. The black bear closely misses you. x2
The black bear barely misses you. x2; The orc barely misses you.
Menkaure calls on the powers of darkness!
The orc convulses!
Your body is wracked with pain!
You shoot a sling bullet.
The sling bullet barely misses the black bear.
The black bear bites you.
The black bear claws you but does no damage. x2
Menkaure breathes soot at you. The orc barely misses you.
The black bear bites you but does no damage.
The black bear claws you. x2
You shoot a sling bullet. The sling bullet hits the black bear.
You kill the black bear!
The orc hits you but does no damage. Menkaure misses you.
Your Fighting skill increases to level 4!
You shoot a sling bullet. The sling bullet hits the orc.
You kill the orc!
Menkaure hits you!
You die...

................ ##.
. ......[..........
##..
..........###......
.....
.#......####......
.....
.................
.....
#......##........
#..##.......#........
#.)...........#.....
#M@....##.#..#.....
###...######.......
##...###.....##..
##>....##....## ##
#.........##.#
##.......## ##
###....## ###...#
##..#


You could see Menkaure (fast).

Vanquished Creatures
  A water moccasin (D:4)
  A black bear (D:5)
  2 orc priests
  Ijyb (D:3)
  An iguana (D:5)
  3 gnolls (D:3)
  8 adders
  A shadow imp (D:5)
  A white imp (D:4)
  An ufetubus (D:5)
  2 dart slugs
  4 orcs
  7 ball pythons
  7 bats
  5 endoplasms
  5 giant cockroaches
  8 goblins
  8 hobgoblins
  2 jackals (D:2)
  3 quokkas
  9 frilled lizards
  8 kobolds
  A rat (D:3)
89 creatures vanquished.

Notes
Turn   | Place    | Note
-------+----------+-------------------------------------------
     0 | D:1      | qw the Gargoyle Hexslinger began the quest for the Orb.
     0 | D:1      | Reached XP level 1. HP: 12/12 MP: 2/2
     0 | D:1      | 0 ||| qw: Version: 0.3-a-52-g30416fa
     0 | D:1      | 0 ||| qw: Game counter: 5658
     0 | D:1      | 0 ||| qw: Melee chars always use a shield: true
     0 | D:1      | 0 ||| qw: God list: Okawaru
     0 | D:1      | 0 ||| qw: Allow faded altars: false
     0 | D:1      | 0 ||| qw: Do Orc after clearing Dungeon:15 true
     0 | D:1      | 0 ||| qw: Do second Lair branch before Depths: true
     0 | D:1      | 0 ||| qw: Lair rune preference: random
     0 | D:1      | 0 ||| qw: Goals: Normal
     0 | D:1      | 0 ||| PLANNING D:1-11
    40 | D:1      | Found Warocude's Armour Boutique.
    49 | D:1      | 49 ||| SHOPLISTING +0 leather armour (28 gold, have 14).
    49 | D:1      | 49 ||| SHOPLISTING +0 pair of boots of flying (161 gold,
                  | have 14).
    49 | D:1      | 49 ||| SHOPLISTING +0 ring mail (56 gold, have 14).
    49 | D:1      | 49 ||| SHOPLISTING +4 skin of Zhor {*Englaciate rC+++ SInv}
                  | (931 gold, have 14).
   197 | D:1      | Reached XP level 2. HP: 13/16 MP: 3/3
   260 | D:1      | Reached skill level 3 in Ranged Weapons
   291 | D:1      | Found a faded altar of an unknown god.
   555 | D:1      | Reached XP level 3. HP: 21/21 MP: 4/4
   659 | D:1      | 659 ||| UPGRADING to +0 leather armour.
   669 | D:1      | 669 ||| DROPPING +0 robe.
   670 | D:1      | 670 ||| UPGRADING to +0 pair of gloves.
   675 | D:1      | 675 ||| UPGRADING to +0 ring mail.
   685 | D:1      | 685 ||| DROPPING +0 leather armour.
   686 | D:1      | 686 ||| UPGRADING to +4 ring of protection.
   687 | D:1      | 687 ||| READING scroll labelled HINTOA GAECIS.
   688 | D:1      | 688 ||| READING scroll labelled CAG GI JOEG.
   689 | D:1      | 689 ||| READING 2 scrolls labelled XIVULORULI.
   694 | D:1      | 694 ||| DROPPING scroll of poison.
   732 | D:2      | Reached skill level 1 in Armour
   798 | D:2      | Found a stormy altar of Qazlal.
   802 | D:2      | Found Ceeguot's Jewellery Shoppe.
   810 | D:2      | 810 ||| SHOPLISTING amulet of the acrobat (390 gold, have
                  | 71).
   810 | D:2      | 810 ||| SHOPLISTING ring "Yckij" {Ice Will+++ Str+2 Dex-5
                  | SInv} (752 gold, have 71).
   810 | D:2      | 810 ||| SHOPLISTING ring of positive energy (260 gold, have
                  | 71).
   841 | D:2      | Reached XP level 4. HP: 26/26 MP: 5/5
  1061 | D:2      | Reached skill level 4 in Ranged Weapons
  1294 | D:2      | 1294 ||| UPGRADING to +0 cloak.
  1299 | D:2      | 1299 ||| READING 2 scrolls labelled VALOSI TUCEGU.
  1300 | D:2      | 1300 ||| READING scroll labelled ZANKUN LIEVI.
  1301 | D:2      | 1301 ||| DRINKING 2 sapphire potions.
  1302 | D:2      | 1302 ||| READING 2 scrolls of identify.
  1302 | D:2      | 1302 ||| IDENTIFYING fizzy clear potion
  1303 | D:2      | 1303 ||| DROPPING scroll of immolation.
  1304 | D:2      | 1304 ||| DROPPING potion of attraction.
  1415 | D:3      | HP: 6/26 [hobgoblin (3)]
  1416 | D:3      | 1416 ||| READING scroll of teleportation.
  1541 | D:3      | Reached XP level 5. HP: 30/30 MP: 6/6
  1560 | D:3      | Noticed Ijyb
  1580 | D:3      | Killed Ijyb
  1597 | D:3      | Found a runed translucent gate.
  1598 | D:3      | Found a runed translucent gate.
  1601 | D:3      | Found a runed translucent gate.
  1621 | D:3      | Reached skill level 5 in Ranged Weapons
  1727 | D:3      | Noticed qw's ghost (amateur MiHs)
  1842 | D:3      | 1842 ||| READING scroll labelled ZOLOKK TUFERAT.
  1858 | D:4      | 1858 ||| STAIRDANCE
  1970 | D:4      | 1970 ||| READING scroll of enchant weapon.
  1970 | D:4      | 1970 ||| ENCHANTING +2 sling.
  2009 | D:4      | 2009 ||| FLEEEEING.
  2010 | D:4      | 2010 ||| FLEEEEING.
  2011 | D:4      | 2011 ||| FLEEEEING.
  2012 | D:4      | 2012 ||| FLEEEEING.
  2015 | D:4      | 2015 ||| FLEEEEING.
  2016 | D:4      | 2016 ||| FLEEEEING.
  2017 | D:4      | 2017 ||| FLEEEEING.
  2018 | D:4      | 2018 ||| FLEEEEING.
  2019 | D:4      | 2019 ||| FLEEEEING.
  2020 | D:4      | 2020 ||| FLEEEEING.
  2021 | D:4      | 2021 ||| FLEEEEING.
  2022 | D:4      | 2022 ||| FLEEEEING.
  2023 | D:4      | 2023 ||| FLEEEEING.
  2024 | D:4      | 2024 ||| FLEEEEING.
  2025 | D:4      | 2025 ||| FLEEEEING.
  2026 | D:4      | 2026 ||| FLEEEEING.
  2027 | D:4      | 2027 ||| FLEEEEING.
  2028 | D:4      | 2028 ||| FLEEEEING.
  2029 | D:4      | 2029 ||| FLEEEEING.
  2034 | D:4      | 2034 ||| FLEEEEING.
  2035 | D:4      | 2035 ||| FLEEEEING.
  2036 | D:4      | 2036 ||| FLEEEEING.
  2041 | D:4      | 2041 ||| STAIRDANCE
  2091 | D:3      | 2091 ||| UPGRADING to scarf of repulsion.
  2107 | D:4      | 2107 ||| STAIRDANCE
  2114 | D:3      | Reached skill level 3 in Fighting
  2235 | D:4      | Reached XP level 6. HP: 37/37 MP: 7/7
  2740 | D:4      | Found a runed translucent gate.
  2740 | D:4      | Found a runed translucent gate.
  2740 | D:4      | Found a runed translucent gate.
  2745 | D:4      | Noticed qw's ghost (amateur GrHs)
  2745 | D:4      | Noticed qw's ghost (novice GrHs)
  2745 | D:4      | Noticed qw's ghost (amateur GrHs)
  3058 | D:5      | Entered Level 5 of the Dungeon
  3058 | D:5      | Noticed a water moccasin
  3067 | D:5      | 3067 ||| STAIRDANCE
  3074 | D:4      | HP: 9/37 [water moccasin (6)]
  3075 | D:4      | Killed a water moccasin
  3076 | D:4      | Reached skill level 6 in Ranged Weapons
  3323 | D:5      | Found a glowing golden altar of the Shining One.
  3481 | D:5      | Noticed a black bear
  3481 | D:5      | Noticed Menkaure
  3485 | D:5      | Reached XP level 7. HP: 34/42 MP: 8/8
  3491 | D:5      | HP: 10/42 [black bear (4)]
  3494 | D:5      | HP: 3/42 [black bear (2)]
  3496 | D:5      | Mangled by Menkaure

Levels and vault maps discovered:
D:1:      nzn_arrival_crosshair, layout_loops_cross, serial_shops, shop,
          shapermc_ecumenical_altar_acropolis
D:2:      layout_basic, basic_altar, serial_shops, shop
D:3:      layout_rooms, ebering_ghost_rock_garden, uniq_ijyb
D:4:      layout_cave_pods, serial_column_ruins, column_ruins_grid_1,
          column_ruins_grid_3, column_ruins_corridor_corner,
          column_ruins_corridor_T, column_ruins_open_small_water,
          gammafunk_ghost_cemetery, minmay_puff
D:5:      layout_cave_pools, lemuel_doored_altar, kennysheep_little_box,
          uniq_menkaure, uniq_blork_the_orc

Skill      XL: |  1  2  3  4  5  6  7 |
---------------+----------------------+-----
Ranged Weapons | 3 4 5 6 |  6.2
Fighting       | 2 3 4 |  4.5
Armour         | 1 |  1.2
Dodging        | |  1.5
Spellcasting   | |  1.0
Hexes          | |  2.6

Action                     |  1- 3 |  4- 6 |  7- 9 || total
---------------------------+-------+-------+-------++-------
   Fire: Sling             |   130 |   265 |    12 ||   407
    Use: Scroll            |     3 |     6 |       ||     9
         Potion            |       |     1 |       ||     1
 Armour: Robe              |    12 |       |       ||    12
         Ring mail         |    28 |   117 |    24 ||   169
         Skin              |       |    21 |       ||    21
  Dodge: Dodged            |    45 |   109 |    23 ||   177
         Repelled          |       |     2 |       ||     2

Table legend:
 A = Non-vault XP
 B = Vault XP
 C = Vault XP percentage of total XP
 D = Non-vault monster count
 E = Vault monster count
 F = Vault count percentage of total count
                 A         B        C        D         E       F
            +---------+---------+-------+---------+---------+-------
      Total |     687 |      47 |   6.4 |      84 |       5 |   5.6
            +---------+---------+-------+---------+---------+-------
        D:1 |      36 |       0 |   0.0 |      22 |       0 |   0.0
        D:2 |      85 |       0 |   0.0 |      22 |       0 |   0.0
        D:3 |     141 |      38 |  21.2 |      24 |       1 |   4.0
        D:4 |     243 |       9 |   3.6 |      10 |       4 |  28.6
        D:5 |     182 |       0 |   0.0 |       6 |       0 |   0.0
            +---------+---------+-------+---------+---------+-------
